 Dungeon Crawl Stone Soup version 0.29-a0-414-g5075937ec3 (webtiles) character file.

Game seed: 547054465630759084

8156 Bruhh the Fighter (level 11, -11/72 HPs)
             Began as a Gargoyle Fighter on May 14, 2022.
             Was an Elder of Qazlal.
             Mangled by a daeva
             ... wielding a +5 scimitar of holy wrath
              (22 damage)
             ... on level 2 of the Abyss.
             The game lasted 00:10:55 (6975 turns).

Bruhh the Fighter (Gargoyle Fighter)                Turns: 6975, Time: 00:10:56

Health: -11/72     AC: 19    Str: 31    XL:     11   Next: 26%
Magic:  18/18      EV:  8    Int:  9    God:    Qazlal [****..]
Gold:   306        SH:  5    Dex:  9    Spells: 10/10 levels left

rFire   . . .      SeeInvis +   q - +5 glaive of the Guard {elec, spectral, AC+5}
rCold   + . .      Faith    .   (shield currently unavailable)
rNeg    + + .      Spirit   .   v - +2 robe of Context {Rampage rN+ Str+7 Stlth-}
rPois   ∞          Reflect  .   K - +1 helmet
rElec   +          Harm     .   J - scarf {+Inv}
rCorr   .          Rampage  +   (no gloves)
Will    .....                   (no boots)
Stlth   ..........              y - amulet of regeneration
HPRegen 1.02/turn               n - ring of see invisible
MPRegen 0.16/turn               D - ring of protection from cold

@: about to teleport, glowing, constricted, repel missiles
A: sickness immunity, AC +8, negative energy resistance 1, electricity
resistance, torment resistance 1, petrification resistance
a: Renounce Religion, Evoke Invisibility, Upheaval, Elemental Force


You were on level 2 of the Abyss.
You worshipped Qazlal.
Qazlal was greatly pleased with you.
You visited 1 branch of the dungeon, and saw 9 of its levels.
You visited the Abyss 1 time.
You also visited: Sewer.

You collected 306 gold pieces.

Inventory:

Hand Weapons
 a - a +0 flail
 q - the +5 glaive of the Guard (weapon) {elec, spectral, AC+5}
   (You found it on level 3 of the Dungeon)

   It occasionally discharges a powerful burst of electricity upon striking a
   foe.
   When it strikes, its spirit leaps out and fights alongside the wielder.
   AC:        It affects your AC (+5).
Missiles
 F - 35 poisoned darts (quivered)
 G - a throwing net
Armour
 b - a +0 scale mail
 c - a +0 buckler
 v - the +2 robe of Context (worn) {Rampage rN+ Str+7 Stlth-}
   (You found it on level 3 of the Dungeon)

   Str:       It affects your strength (+7).
   rN:        It protects you from negative energy.
   Rampage:   It bestows one free step when moving towards enemies.
   Stlth:     It makes you less stealthy.
 H - a +0 cloak
 J - a scarf of invisibility (worn)
 K - a +1 helmet (worn)
 M - a +3 plate armour
Jewellery
 n - a ring of see invisible (left hand)
 y - an amulet of regeneration (around neck)
 C - a ring of ice
 D - a ring of protection from cold (right hand)
Wands
 N - a wand of charming (1)
Scrolls
 d - 8 scrolls of identify {unknown}
 f - a scroll of acquirement {unknown}
 g - 2 scrolls of magic mapping {unknown}
 h - 5 scrolls of teleportation
 i - 5 scrolls of blinking {unknown}
 j - 3 scrolls of amnesia {unknown}
 k - a scroll of brand weapon {unknown}
 p - a scroll of noise {unknown}
 r - 4 scrolls of enchant armour {unknown}
 s - 3 scrolls of fear {unknown}
 w - 2 scrolls of summoning {unknown}
 A - 2 scrolls of torment {unknown}
 B - a scroll of poison {unknown}
 E - a scroll of fog {unknown}
 L - a scroll of silence {unknown}
Potions
 e - a potion of magic {unknown}
 l - 2 potions of lignification {unknown}
 m - 5 potions of curing
 o - 3 potions of might
 t - 6 potions of haste {unknown}
 u - 3 potions of heal wounds {unknown}
 x - 2 potions of degeneration {unknown}
 z - 2 potions of ambrosia {unknown}
 I - a potion of berserk rage {unknown}


   Skills:
 - Level 10.0 Fighting
 - Level 5.2(8.0) Maces & Flails
 - Level 9.3(10.0) Staves
 + Level 6.6 Armour
 - Level 3.3 Shields
 - Level 10.0 Invocations


You had 10 spell levels left.
You didn't know any spells.
Your spell library contained the following spells:

 Spells                   Type           Power      Damage    Failure   Level
 Animate Dead             Necr           0%         N/A       99%         4
 Borgnjor's Vile Clutch   Necr/Erth      0%         N/A       100%        5
 Death Channel            Necr           0%         N/A       100%        6


Dungeon Overview and Level Annotations

Branches:
Dungeon (9/15)             Temple (0/1) D:6           Sewer (visited)
   Lair: D:8-11         Orc: D:9-12

Altars:
Nemelex Xobeh
Qazlal
Vehumet

Shops:
D:1 =   D:4 !

Annotations:
D:4 3 runed translucent doors, Gargoyl's ghost, amateur GrBe
D:7 2 transporters
D:9 Psyche


Innate Abilities, Weirdness & Mutations

You are immune to sickness and miasma.
Your stone body is resilient. (AC +8)
You are immune to poison.
You resist negative energy. (rN+)
You are resistant to electric shocks. (rElec)
You are resistant to unholy torment.
You are immune to petrification.


Message History

A daeva and a tentacled starspawn come into view.
The daeva is wielding a +5 scimitar of holy wrath.
The daeva calls down the wrath of the Shining One upon you.
The Shining One smites you!
Reach: q) +5 glaive of the Guard {elec, spectral, AC+5}
Press: ? - help, Dir - move target, f - daeva
Aim: a daeva, wielding a +5 scimitar of holy wrath and wearing a +0 tower shield (haloed, about 23% to evade the +5 glaive of the Guard)
Okay, then.
As you read the scroll of teleportation, it crumbles to dust.
You feel strangely unstable.
You feel the power of the Abyss delaying your translocation!
The daeva calls down the wrath of the Shining One upon you.
The Shining One smites you! 2 starspawn tentacles come into view.
You slash the starspawn tentacle!
Lightning courses through the starspawn tentacle!
The starspawn tentacle is almost destroyed.
Your +5 glaive of the Guard {elec, spectral, AC+5} hits the starspawn tentacle from afar!
Lightning courses through the starspawn tentacle!!
You destroy the starspawn tentacle!
The daeva hits your +5 glaive of the Guard {elec, spectral, AC+5} with a +5 scimitar of holy wrath.
Your spectral weapon shares its damage with you!
The daeva closely misses your +5 glaive of the Guard {elec, spectral, AC+5}.
The tentacled starspawn bites you!!
* * * LOW HITPOINT WARNING * * *
The tentacled starspawn tentacle-slaps you!
* * * LOW HITPOINT WARNING * * *
The starspawn tentacle closely misses you.
The starspawn tentacle grabs you. The starspawn tentacle constricts you.
The tentacled starspawn is engulfed in blazing flames.
The starspawn tentacle's grasp on you weakens, but your attempt to escape fails.
The starspawn tentacle constricts you.
* * * LOW HITPOINT WARNING * * *
A tentacle flies out from the starspawn's body!
A starspawn tentacle comes into view.
Unknown command.
You feel better. The starspawn tentacle constricts you.
* * * LOW HITPOINT WARNING * * *
The daeva hits you with a +5 scimitar of holy wrath!!
You die...

.###...#.## .###...##
..#......#.
..#.....#..
.......#.#.#...... ..
. ...... #.#.#....
....... .......#.#.
... .. .....
#....#.#.#..#. . .#..
##.. #.##.. ##...###
. #......##.#.#.....#
. .... . #§
#@.........
......A#..AwX........
......####w§...... .
# #...# #...#.....# #
#.#. #..###...## ...#
#... ... # ## . #....
..... ##.... .. . ...


You could see a daeva, a tentacled starspawn and 2 starspawn tentacles.

Vanquished Creatures
  A boulder beetle (D:8)
  A catoblepas (D:9)
  A centaur warrior (D:9)
  3 two-headed ogres
  Maurice (D:9)
  A troll (D:9)
  A wyvern (D:7)
  Eustachio (D:6)
  A yak (D:9)
  2 steam dragons
  An acid dragon (D:9)
  3 water moccasins
  An ice beast (D:8)
  An orc warrior (D:6)
  2 black bears
  3 ogres
  4 centaurs
  2 phantoms (D:4)
  4 kobold brigands
  Blork the orc (D:6)
  3 bullfrogs
  A necrophage (D:6)
  A gnoll sergeant (D:8)
  5 scorpions
  3 wights (D:8)
  2 howler monkeys (D:9)
  A crimson imp (Abyss:2)
  A quasit (Abyss:2)
  A jelly (Sewer)
  7 orc priests
  A hound (D:6)
  3 iguanas
  Natasha (thrice) (D:2)
  8 gnolls
  4 adders
  3 white imps
  2 ufetubi
  2 worms
  16 orcs
  6 bats
  18 endoplasms
  5 giant cockroaches
  5 goblins
  10 hobgoblins
  5 jackals
  19 kobolds
  12 quokkas
  9 ball pythons
  5 frilled lizards
  8 rats
  A butterfly (D:6)
  A starspawn tentacle (Abyss:2)
206 creatures vanquished.

Vanquished Creatures (others)
  A plant (D:6)
1 creature vanquished.

Grand Total: 207 creatures vanquished

Notes
Turn   | Place    | Note
-------+----------+-------------------------------------------
     0 | D:1      | Bruhh the Gargoyle Fighter began the quest for the Orb.
     0 | D:1      | Reached XP level 1. HP: 14/14 MP: 1/1
   298 | D:1      | Reached XP level 2. HP: 11/19 MP: 2/2
   764 | D:1      | Found Ufeorghi's One-of-a-Kind Rings.
   945 | D:1      | Found a faded altar of an unknown god.
  1064 | D:1      | Reached XP level 3. HP: 20/23 MP: 3/3
  1482 | D:2      | Noticed Natasha
  1494 | D:2      | Killed Natasha
  1495 | D:2      | Reached XP level 4. HP: 8/28 MP: 4/4
  1897 | D:2      | Noticed Natasha
  1904 | D:2      | Killed Natasha
  2075 | D:2      | Noticed Natasha
  2088 | D:2      | Killed Natasha
  2089 | D:2      | Reached skill level 5 in Maces & Flails
  2089 | D:2      | Reached XP level 5. HP: 5/32 MP: 5/5
  2678 | D:3      | Found the +5 glaive of the Guard {elec, spectral, AC+5}
  2921 | D:3      | Found a stormy altar of Qazlal.
  2926 | D:3      | Found a sparkling altar of Nemelex Xobeh.
  3164 | D:3      | Identified the +2 robe of Context {Rampage rN+ Str+7
                  | Stlth-}
  3186 | D:3      | Became a worshipper of Qazlal Stormbringer
  3233 | D:4      | Noticed a phantom
  3236 | D:4      | Killed a phantom
  3266 | D:4      | Found Qintiu's Distillery.
  3266 | D:4      | Found a runed translucent gate.
  3266 | D:4      | Found a runed translucent gate.
  3266 | D:4      | Found a runed translucent gate.
  3306 | D:4      | Reached skill level 5 in Fighting
  3306 | D:4      | Reached XP level 6. HP: 40/40 MP: 6/6
  3345 | D:4      | Found a glowing drain.
  3357 | Sewer    | Entered a sewer
  3386 | Sewer    | Reached * piety under Qazlal
  3468 | Sewer    | Reached skill level 1 in Invocations
  3505 | Sewer    | Found a viscous altar of Jiyva.
  3627 | D:4      | Reached XP level 7. HP: 45/45 MP: 8/8
  3973 | D:4      | Noticed Gargoyl's ghost (amateur GrBe)
  4102 | D:5      | Entered Level 5 of the Dungeon
  4127 | D:5      | Reached ** piety under Qazlal
  4632 | D:6      | Reached XP level 8. HP: 53/53 MP: 11/11
  4720 | D:6      | Reached skill level 5 in Invocations
  4760 | D:6      | Found a radiant altar of Vehumet.
  4863 | D:6      | Noticed Eustachio
  4865 | D:6      | Killed Eustachio
  5084 | D:6      | Noticed Blork the orc
  5088 | D:6      | Killed Blork the orc
  5160 | D:6      | Reached XP level 9. HP: 60/60 MP: 14/14
  5288 | D:6      | Found a staircase to the Ecumenical Temple.
  5504 | D:7      | Reached *** piety under Qazlal
  5631 | D:7      | Reached skill level 10 in Fighting
  5653 | D:7      | Found a transporter.
  5711 | D:7      | Found a transporter.
  5727 | D:7      | Reached skill level 1 in Staves
  5934 | D:8      | Noticed a boulder beetle
  5940 | D:8      | Killed a boulder beetle
  5941 | D:8      | Reached XP level 10. HP: 52/68 MP: 15/17
  6029 | D:8      | Reached skill level 10 in Invocations
  6218 | D:8      | Noticed a two-headed ogre
  6225 | D:8      | Killed a two-headed ogre
  6226 | D:8      | Reached skill level 5 in Staves
  6346 | D:8      | Identified the +1 chain mail "Piotowk" {+Inv}
  6668 | D:9      | Noticed a two-headed ogre
  6672 | D:9      | Killed a two-headed ogre
  6727 | D:9      | Reached **** piety under Qazlal
  6774 | D:9      | Noticed Maurice
  6779 | D:9      | Killed Maurice
  6786 | D:9      | Noticed a centaur warrior
  6788 | D:9      | Killed a centaur warrior
  6789 | D:9      | Reached XP level 11. HP: 72/72 MP: 18/18
  6791 | D:9      | Noticed a two-headed ogre
  6793 | D:9      | Noticed a catoblepas
  6794 | D:9      | Killed a two-headed ogre
  6795 | D:9      | Reached skill level 5 in Armour
  6797 | D:9      | Identified the +1 triple sword "Okhlijoh" {drain, Int+4}
  6798 | D:9      | Noticed Psyche
  6799 | D:9      | Killed a catoblepas
  6805 | D:9      | Cast into level 2 of the Abyss (Psyche)
  6967 | Abyss:2  | Noticed a daeva
  6967 | Abyss:2  | Noticed a tentacled starspawn
  6975 | Abyss:2  | Mangled by a daeva

Illustrated notes

Levels and vault maps discovered:
D:1:      dpeg_arrival_radiant, layout_basic,
          dreamdust_ecumenical_altar_sealed_demon, nicolae_shop_unique_rings,
          minmay_domino_4
D:2:      layout_basic, st_stairs_14, uniq_natasha
D:3:      layout_basic, mainiacjoe_overflow_big_doors, st_stairs_10
D:4:      layout_gridville, gup_sewer_entry_pipe, gammafunk_ghost_icy,
          serial_shops, nicolae_stop_n_shop_2
D:5:      layout_cave_pools, serial_glass, glass_columns_a, glass_columns_a,
          item_on_display_a, minmay_strange_pillars, feat_on_display,
          due_unseen_surprise, kennysheep_path_1
D:6:      layout_loops_ring, mainiacjoe_overflow_boulevard,
          minmay_temple_entry_butterflies, hangedman_decor_opposing,
          uniq_eustachio, uniq_blork_the_orc
D:7:      gammafunk_steamed_eel, layout_rooms, chequers_garden
D:8:      layout_loops_ring
D:9:      minmay_the_grid_octo_tiled_squarecenter [minmay_the_grid_octo_clover,
          minmay_the_grid_octo_concentric, minmay_the_grid_octo_vomiting_pacman,
          minmay_the_grid_octo_fan_narrow,
          minmay_the_grid_square_5x5_megaprize_checkered,
          minmay_the_grid_square_5x5_two, minmay_the_grid_square_5x5_n,
          minmay_the_grid_square_5x5_bracketed,
          minmay_the_grid_square_5x5_gyroscope], layout_cave_pools,
          dpeg_oklobed_lair, chequers_serial_rivers_small_b,
          dk_rats_in_the_wall, uniq_pikel, uniq_erolcha, uniq_maurice,
          uniq_erica, uniq_psyche
Abyss:2:  base:
D:8

Skill      XL: |  1  2  3  4  5  6  7  8  9 10 11 |
---------------+----------------------------------+-----
Maces & Flails | 3 4 5 |  5.2
Fighting       | 5 7 8 10 | 10.0
Invocations    | 2 4 6 9 10 | 10.0
Staves         | 4 9 |  9.3
Armour         | 6 |  6.6
Shields        | |  3.3

Action                   |  1- 3 |  4- 6 |  7- 9 | 10-12 || total
-------------------------+-------+-------+-------+-------++-------
Melee: Flail             |   103 |    55 |       |       ||   158
       Glaive            |       |    60 |   106 |    63 ||   229
  Use: Potion            |     1 |       |       |     1 ||     2
       Scroll            |       |       |       |     2 ||     2
 Stab: Distracted        |       |       |     1 |     2 ||     3
Armor: Scale mail        |    64 |    29 |       |       ||    93
       Robe              |       |    16 |    36 |    13 ||    65
Dodge: Dodged            |    62 |    53 |    38 |    19 ||   172
Block: Buckler           |    24 |    10 |       |       ||    34
       Other             |       |       |    11 |     6 ||    17

Table legend: (Time is in decaauts)
 A = Elapsed time spent in this place.
 B = Non-inter-level travel time spent in this place.
 C = Inter-level travel time spent in this place.
 D = Time resting spent in this place.
 E = Time spent auto-exploring this place.
 F = Levels seen in this place.
 G = Mean time per level.
                   A        B        C        D        E       F      G
               +--------+--------+--------+--------+--------+-----+--------+
         Total |   7193 |   7009 |    184 |      0 |   5701 |  11 |  653.9 |
       Dungeon |   6767 |   6583 |    184 |      0 |   5420 |   9 |  751.9 |
         Abyss |    172 |    172 |      0 |      0 |    147 |   1 |  172.0 |
         Sewer |    253 |    253 |      0 |      0 |    133 |   1 |  253.0 |
               +--------+--------+--------+--------+--------+-----+--------+

Top non-repeatable levels by time:
     D:2: 1263 daAuts
     D:1: 1197 daAuts
     D:6: 900 daAuts
     D:8: 813 daAuts
     D:3: 799 daAuts
     D:4: 705 daAuts
     D:5: 532 daAuts
     D:7: 399 daAuts
   Sewer: 253 daAuts
 Abyss:2: 172 daAuts
     D:9: 156 daAuts
